 Dungeon Crawl Stone Soup version 0.28-a0-906-g0406aca7d3 (webtiles) character file.

Game seed: 4125706927502023239

347 ders the Digger (level 6, -6/48 HPs)
             Began as a Gargoyle Earth Elementalist on Nov 23, 2021.
             Mangled by an ogre (13 damage)
             ... on level 4 of the Dungeon.
             The game lasted 00:07:09 (5235 turns).

ders the Digger (Gargoyle Earth Elementalist)       Turns: 5235, Time: 00:07:09

Health: -6/48      AC:  6    Str: 11    XL:     6   Next: 59%
Magic:  2/11       EV: 11    Int: 18    God:
Gold:   95         SH:  0    Dex: 10    Spells: 8/12 levels left

rFire   . . .      SeeInvis .   c - staff of earth
rCold   . . .      Faith    .   (no shield)
rNeg    + . .      Spirit   .   b - +0 robe
rPois   ∞          Reflect  .   (no helmet)
rElec   +          Harm     .   (no cloak)
rCorr   .          Rampage  .   (no gloves)
Will    .....                   (no boots)
Stlth   ..........              (no amulet)
HPRegen 0.16/turn               (no ring)
MPRegen 0.12/turn               (no ring)

@: brilliant, berserking, very quick
A: sickness immunity, AC +4, negative energy resistance 1, electricity
resistance, torment resistance 1, petrification resistance
a: no special abilities


You were on level 4 of the Dungeon.
You visited 1 branch of the dungeon, and saw 4 of its levels.

You collected 95 gold pieces.

Inventory:

Hand Weapons
 e - a +2 short sword of protection
Missiles
 n - 21 stones
Armour
 b - a +0 robe (worn)
Magical Staves
 c - a staff of earth (weapon)
Jewellery
 j - an amulet of magic regeneration
Scrolls
 a - 2 scrolls of noise
 g - 2 scrolls of identify
 h - a scroll of acquirement {unknown}
 m - 2 scrolls of immolation
Potions
 i - 2 potions of lignification {unknown}
 k - a potion of brilliance
 l - a potion of berserk rage
 o - a potion of heal wounds {unknown}


   Skills:
 - Level 1.5 Dodging
 - Level 2.1 Stealth
 + Level 3.8 Spellcasting
 + Level 3.8 Conjurations
 - Level 0.7 Transmutations
 + Level 5.8 Earth Magic


You had 8 spell levels left.
You knew the following spells:

 Your Spells              Type           Power      Damage    Failure   Level
a - Sandblast             Erth           100%       2d20      1%          1
b - Stone Arrow           Conj/Erth      94%        3d12      6%          3

Your spell library contained the following spells:

 Spells                   Type           Power      Damage    Failure   Level
 Passwall                 Tmut/Erth      28%        N/A       6%          2
 Petrify                  Tmut/Erth      34%        N/A       36%         4
 Iskenderun's Battlesphe  Conj           25%        2d8       65%         5
 Fireball                 Conj/Fire      7%         3d5       88%         5
 Conjure Ball Lightning   Conj/Air       7%         3x3d6     100%        6
 Orb of Destruction       Conj           12%        9d6       100%        7


Dungeon Overview and Level Annotations

Branches:
Dungeon (4/15)
 Temple: D:4-7

Altars:
Cheibriados
Gozag
Hepliaklqana
Makhleb

Shops:
D:4 *

Annotations:
D:2 Terence


Innate Abilities, Weirdness & Mutations

You are immune to sickness and miasma.
Your stone body is resilient. (AC +4)
You are immune to poison.
You resist negative energy. (rN+)
You are resistant to electric shocks. (rElec)
You are resistant to unholy torment.
You are immune to petrification.


Message History

The phantom is moderately damaged.
The ball python barely misses you. The ball python grabs you.
The ball python constricts you. The phantom hits you.
* * * LOW HITPOINT WARNING * * *
The phantom blinks!
You blink.
The ball python loses its grip on you.
Unknown command.
As you read the scroll labelled COHUTY VUINK, it crumbles to dust.
You hear a loud clanging noise!
It was a scroll of noise.
You hear an angry hiss.
The phantom hits you.
* * * LOW HITPOINT WARNING * * *
The phantom blinks!
You blink.
As you read the scroll labelled ZESUOKHLANNU, it crumbles to dust.
It is a scroll of identify.
m - 2 scrolls of immolation The phantom hits you.
* * * LOW HITPOINT WARNING * * *
The phantom blinks!
You blink.
Okay, then.
You feel better. The phantom hits you.
* * * LOW HITPOINT WARNING * * *
The phantom blinks!
You blink.
It was a potion of brilliance.
You feel clever all of a sudden.
The phantom hits you but does no damage.
It was a potion of berserk rage.
A red film seems to cover your vision as you go berserk!
You feel yourself moving faster!
You feel mighty!
The phantom hits you but does no damage.
You hit the phantom.
The phantom is heavily damaged.
The phantom hits you but does no damage.
You miss the phantom.
The phantom is heavily damaged.
You hit the ogre.
The ogre is almost dead.
The phantom hits you but does no damage.
The ogre hits you with a +0 giant club!
You die...

### #.########### #...........
#.#........ #..).....##########.#
############...###............<##
.........#.#............>........
####.......#.<...................
.# #.###.#.#...O@W...............
.###.###.#.#..S##################
.........#.#...........#
####.###.#.#..§........#
.....###.....§.........#
.........#.....###.#####
.........#....O....#
.PP..###.#.##.S##### ..∩..#
#.#...§.###


You could see a phantom, an ogre and a ball python.

Vanquished Creatures
  An ogre (D:4)
  2 hounds
  An orc wizard (D:4)
  A gnoll (D:1)
  5 adders
  A worm (D:4)
  5 dart slugs
  13 orcs
  10 ball pythons
  6 endoplasms
  7 giant cockroaches
  10 goblins
  7 hobgoblins
  3 jackals (D:2)
  5 bats
  4 frilled lizards
  9 kobolds
  4 rats
94 creatures vanquished.

Vanquished Creatures (others)
  6 plants
6 creatures vanquished.

Grand Total: 100 creatures vanquished

Notes
Turn   | Place    | Note
-------+----------+-------------------------------------------
     0 | D:1      | ders the Gargoyle Earth Elementalist began the quest for
                  | the Orb.
     0 | D:1      | Reached XP level 1. HP: 10/10 MP: 3/3
   308 | D:1      | Reached XP level 2. HP: 10/15 MP: 0/5
   323 | D:1      | Reached skill level 1 in Conjurations
   325 | D:1      | Reached skill level 4 in Earth Magic
   711 | D:1      | Reached XP level 3. HP: 19/19 MP: 4/6
   715 | D:1      | Learned a level 3 spell: Stone Arrow
  1108 | D:2      | Noticed Terence
  1356 | D:2      | Reached XP level 4. HP: 24/24 MP: 2/8
  1762 | D:2      | Found a faded altar of an unknown god.
  2681 | D:3      | Reached XP level 5. HP: 28/28 MP: 4/9
  2953 | D:3      | Reached skill level 5 in Earth Magic
  2973 | D:3      | Found an opulent altar of Gozag.
  3605 | D:4      | Found Canisuz's Assorted Antiques.
  3863 | D:4      | Found a snail-covered altar of Cheibriados.
  3883 | D:4      | Noticed a water moccasin
  4220 | D:4      | Noticed an ogre
  4384 | D:4      | Found a burning altar of Makhleb.
  4449 | D:4      | Reached XP level 6. HP: 14/32 MP: 0/11
  4786 | D:4      | Found a hazy altar of Hepliaklqana.
  5229 | D:4      | HP: 1/32 [phantom (4)]
  5235 | D:4      | Mangled by an ogre

Illustrated notes

Levels and vault maps discovered:
D:1:      minmay_arrival_wavy_path, layout_basic, minmay_crystal_room
D:2:      minmay_wonky_spiral, layout_loops_ring,
          hellmonk_ecumenical_altar_leap_of_faith, uniq_terence
D:3:      minmay_diamond_boxcup, layout_loops_corners,
          mainiacjoe_overflow_chevrons, patterned_corridor
D:4:      minmay_opposing_rooms, layout_basic,
          worldfamousw_hep_ancestral_shrine, mainiacjoe_overflow_tiny_flanked,
          cheibriados_altar_1, serial_shops, nicolae_shop_overgrown_old_shop

Skill      XL: |  1  2  3  4  5 |
---------------+----------------+-----
Conjurations   | 1 2 3 |  3.8
Earth Magic    | 4 5 |  5.8
Spellcasting   | 3 |  3.8
Dodging        | |  1.5
Stealth        | |  2.1
Transmutations | |  0.7

Action                   |  1- 3 |  4- 6 || total
-------------------------+-------+-------++-------
Melee: Short sword       |    15 |     3 ||    18
       Staff             |       |    58 ||    58
 Cast: Sandblast         |    49 |    88 ||   137
       Stone Arrow       |       |    20 ||    20
  Use: Scroll            |     1 |     6 ||     7
       Potion            |       |     4 ||     4
 Stab: Sleeping          |       |     1 ||     1
Armor: Robe              |    13 |    49 ||    62
Dodge: Dodged            |    14 |    63 ||    77

Table legend: (Time is in decaauts)
 A = Elapsed time spent in this place.
 B = Non-inter-level travel time spent in this place.
 C = Inter-level travel time spent in this place.
 D = Time resting spent in this place.
 E = Time spent auto-exploring this place.
 F = Levels seen in this place.
 G = Mean time per level.
                   A        B        C        D        E       F      G
               +--------+--------+--------+--------+--------+-----+--------+
         Total |   5247 |   5037 |    210 |   1425 |   2869 |   4 | 1311.8 |
       Dungeon |   5247 |   5037 |    210 |   1425 |   2869 |   4 | 1311.8 |
               +--------+--------+--------+--------+--------+-----+--------+

Top non-repeatable levels by time:
     D:4: 1662 daAuts
     D:3: 1521 daAuts
     D:1: 1108 daAuts
     D:2: 955 daAuts
